cohdb
Replays
Latest Replays
All Replays
Popular Replays
Top Player Replays
Match Explorer
How It Works
Community
CoH3 Stats
Reddit
Sign in to upload your games and track your stats! →
Sign in with Steam
Match 44638705
Unlisted
Match 44638705
Overview
Messages
Build Orders
End
Kradschützen Motorcycle Team
Selects Panzerjäger Kommand Battlegroup
Selects Mine Fields
Panzergrenadier Squad
Panzergrenadier Squad
Construct Light Support Kompanie
Panzergrenadier Squad
Fire Support Elements
Flakvierling Half-track
Selects Tank Busters
Panzerjäger Mechanized Group
Selects Defensive Positions
le.IG 18 Support Gun Team
Construct Panzerarmee Kommand
Selects Butterfly Bomb Drop
Butterfly Bomb Drop
Panzer III L Medium Tank
Selects Crew Shock Tactics
Veteran Squad Leaders
Vehicle Survival Package
Panzer III L Medium Tank
Butterfly Bomb Drop
Tungsten Core Ammunition
Selects Anti-tank Overwatch
Panzer III L Medium Tank
Pak 38 Mechanized Group
Butterfly Bomb Drop
Panzer III L Medium Tank
2.5-tonne Medical Truck
Butterfly Bomb Drop
Panzer III L Medium Tank
Butterfly Bomb Drop
Panzer III L Medium Tank
Rajoob
MZMZ
majintal excumuration
BLACK.DRAGON
Kampfstärke
Grimauldus
PlammX
Qatheeb al-Akbar
0
0
Comments
sign in to comment!
No comments posted yet!